 Dungeon Crawl Stone Soup version 0.28-a0-445-g51f8dfeb47 (webtiles) character file.

Game seed: 6260430470451426125

157 Dabor the Skirmisher (level 5, 0/42 HPs)
             Began as a Demonspawn Monk on Sept 13, 2021.
             Was a Priest of Wu Jian.
             Slain by a gnoll (1 damage)
             ... on level 3 of the Dungeon.
             The game lasted 00:09:33 (2890 turns).

Dabor the Skirmisher (Demonspawn Monk)              Turns: 2890, Time: 00:09:33

Health: 0/42       AC:  6    Str: 11    XL:     5   Next: 15%
Magic:  5/5        EV:  5    Int: 11    God:    Wu Jian [***...]
Gold:   84         SH:  0    Dex: 19    Spells: 4/4 levels left

rFire   . . .      SeeInvis .   a - +0 falchion
rCold   . . .      Faith    .   (no shield)
rNeg    . . .      Spirit   .   i - +0 scale mail
rPois   .          Reflect  .   (no helmet)
rElec   .          Harm     .   (no cloak)
rCorr   .          Rampage  .   (no gloves)
Will    .....                   (no boots)
Stlth   ++........              (no amulet)
HPRegen 0.14/turn               (no ring)
MPRegen 0.09/turn               (no ring)

@: held, serpent's lash
A: thin skeletal structure 1, demonic guardian 1
a: Renounce Religion, Wall Jump, Serpent's Lash


You were on level 3 of the Dungeon.
You worshipped Wu Jian.
Wu Jian was most pleased with you.
You visited 1 branch of the dungeon, and saw 3 of its levels.

You collected 84 gold pieces.

Inventory:

Hand Weapons
 a - a +0 falchion (weapon)
 j - a +0 dagger of venom
Armour
 b - a +0 robe
 f - a +0 leather armour
 i - a +0 scale mail (worn)
Scrolls
 e - a scroll of enchant armour {unknown}
Potions
 d - 2 potions of brilliance {unknown}
 g - a potion of lignification
 h - 2 potions of degeneration {unknown}


   Skills:
 + Level 3.8 Fighting
 + Level 3.4 Long Blades
 + Level 1.0 Armour
 + Level 3.4 Dodging
 + Level 2.9 Stealth


You had 4 spell levels left.
You didn't know any spells.
Your spell library contained the following spells:

 Spells                   Type           Power      Damage    Failure   Level
 Animate Skeleton         Necr           0%         N/A       91%         1
 Apportation              Tloc           0%         N/A       91%         1
 Summon Small Mammal      Summ           0%         N/A       91%         1
 Scorch                   Fire           0%         2d5       97%         2
 Flame Wave               Conj/Fire      0%         3d3       100%        4
 Summon Cactus Giant      Summ           0%         N/A       100%        6


Dungeon Overview and Level Annotations

Branches:
Dungeon (3/15)

Altars:
Wu Jian


Innate Abilities, Weirdness & Mutations

You have a somewhat thin skeletal structure. (Dex +2, Stealth+)
A weak demonic guardian rushes to your aid.


Message History

The gnoll hits you from afar with a +0 spear.
The gnoll closely misses you.
You closely miss the gnoll.
The gnoll is heavily wounded.
The gnoll hits you from afar with a +0 spear.
The gnoll hits you but does no damage.
You hit the gnoll.
The gnoll is severely wounded.
The gnoll hits you from afar with a +0 halberd.
The gnoll hits you from afar with a +0 spear.
Your muscles tense, ready for explosive movement...
You hit the gnoll.
The gnoll is almost dead.
The gnoll hits you from afar with a +0 halberd!
The gnoll hits you but does no damage. The gnoll hits you with a +0 spear.
* * * LOW HITPOINT WARNING * * *
The gnoll throws a throwing net.
The throwing net hits you.
You become entangled in the net!
Okay, then.
You struggle against the net.
The gnoll hits you from afar with a +0 spear.
* * * LOW HITPOINT WARNING * * *
A demonic guardian appears!
The gnoll hits you with a +0 spear.
* * * LOW HITPOINT WARNING * * *
The gnoll hits you from afar with a +0 halberd.
* * * LOW HITPOINT WARNING * * *
You tear a large gash into the net.
The gnoll hits you from afar with a +0 spear.
* * * LOW HITPOINT WARNING * * *
The gnoll barely misses you. x2
Your white imp gestures at the gnoll.
The puff of frost hits the gnoll!
The gnoll dies!
The Council accepts your kill.
Okay, then.
As you read the scroll labelled ESHALOSTR NAESK, it crumbles to dust.
It is a scroll of identify.
g - a potion of lignification The gnoll hits you from afar with a +0 spear.
You die...

######## ###......#
#........###############
#.##.##.................
#...############## #..5#
#@).# #.###


.gg ..... #.#.#.. #.#.##.# #.#.# .. # #.# .. You could see 2 gnolls and a
friendly white imp (summoned).

Vanquished Creatures
  3 dart slugs
  2 endoplasms
  2 giant cockroaches
  3 goblins
  3 hobgoblins (D:2)
  A jackal (D:2)
  2 quokkas
  3 ball pythons
  2 bats (D:1)
  13 frilled lizards
  4 kobolds
  5 rats
43 creatures vanquished.

Vanquished Creatures (collateral kills)
  A black bear (D:2)
  2 gnolls
  A hobgoblin (D:2)
  A jackal (D:2)
  A frilled lizard (D:1)
6 creatures vanquished.

Vanquished Creatures (others)
  9 plants (D:1)
  3 withered plants (D:1)
12 creatures vanquished.

Grand Total: 61 creatures vanquished

Notes
Turn   | Place    | Note
-------+----------+-------------------------------------------
     0 | D:1      | Dabor the Demonspawn Monk began the quest for the Orb.
     0 | D:1      | Reached XP level 1. HP: 18/18 MP: 1/1
   626 | D:1      | Gained mutation: A weak demonic guardian rushes to your
                  | aid. [demonic ancestry]
   626 | D:1      | Reached XP level 2. HP: 19/24 MP: 2/2
   838 | D:1      | Found a faded altar of an unknown god.
   866 | D:1      | Became a worshipper of the Wu Jian Council
   866 | D:1      | Reached * piety under Wu Jian
   866 | D:1      | Reached ** piety under Wu Jian
   938 | D:1      | Reached XP level 3. HP: 9/29 MP: 3/3
  1612 | D:2      | Reached *** piety under Wu Jian
  1778 | D:2      | Noticed a black bear
  2302 | D:2      | Killed a black bear
  2303 | D:2      | Reached skill level 1 in Armour
  2303 | D:2      | Gained mutation: You have a somewhat thin skeletal
                  | structure. (Dex +2, Stealth+) [demonic ancestry]
  2303 | D:2      | Reached XP level 4. HP: 14/37 MP: 4/4
  2303 | D:2      | Reached XP level 5. HP: 16/42 MP: 5/5
  2889 | D:3      | HP: 1/42 [gnoll (3)]
  2890 | D:3      | Slain by a gnoll

Illustrated notes

Levels and vault maps discovered:
D:1:      dpeg_arrival_line_fractal, layout_loops_corners,
          shapermc_ecumenical_altar_flowoftime, minmay_misc_feat_enclosed,
          minmay_lizard_king
D:2:      minmay_diamond_boxcup, layout_loops_ring
D:3:      layout_basic, jmf_multi_god_temple2,
          gammafunk_temple_overflow_elements, supply_closet_lemuel,
          corexii_item_surrounded_by_moat, minmay_distorted

Skill      XL: |  1  2  3 |
---------------+----------+-----
Stealth        | 2 |  2.9
Long Blades    | 3 |  3.4
Dodging        | 3 |  3.4
Armour         | 1 |  1.0
Fighting       | |  3.8

Action                   |  1- 3 |  4- 6 || total
-------------------------+-------+-------++-------
Melee: Falchion          |   168 |    19 ||   187
Invok: Lunge             |     5 |     3 ||     8
       Whirlwind         |     7 |       ||     7
       Serpent's Lash    |     1 |     1 ||     2
 Abil: Wall Jump         |     7 |       ||     7
  Use: Scroll            |       |     1 ||     1
 Stab: Sleeping          |     8 |       ||     8
Armor: Robe              |    14 |       ||    14
       Leather armour    |    19 |       ||    19
       Scale mail        |     7 |    10 ||    17
Dodge: Dodged            |    64 |    18 ||    82

Table legend: (Time is in decaauts)
 A = Elapsed time spent in this place.
 B = Non-inter-level travel time spent in this place.
 C = Inter-level travel time spent in this place.
 D = Time resting spent in this place.
 E = Time spent auto-exploring this place.
 F = Levels seen in this place.
 G = Mean time per level.
                   A        B        C        D        E       F      G
               +--------+--------+--------+--------+--------+-----+--------+
         Total |   2920 |   2876 |     44 |    648 |   1341 |   3 |  973.3 |
       Dungeon |   2920 |   2876 |     44 |    648 |   1341 |   3 |  973.3 |
               +--------+--------+--------+--------+--------+-----+--------+

Top non-repeatable levels by time:
     D:1: 1569 daAuts
     D:2: 1290 daAuts
     D:3: 60 daAuts
